 Dungeon Crawl Stone Soup version 0.20.0-10-g0535bb4 (webtiles) character file.

925 Haldmier the Conjurer (level 8, -4/46 HPs)
             Began as a Tengu Ice Elementalist on June 7, 2017.
             Slain by a black bear (7 damage)
             ... on level 6 of the Dungeon.
             The game lasted 00:26:58 (9720 turns).

Haldmier the Conjurer (Tengu Ice Elementalist)      Turns: 9720, Time: 00:26:58

Health: -4/46      AC:  9    Str:  9    XL:     8   Next: 10%
Magic:  0/15       EV: 12    Int: 18    God:
Gold:   177        SH:  0    Dex: 14    Spells: 5/15 levels left

rFire    . . .     SeeInvis .   q - +0 long sword
rCold    . . .     Gourm    .   (no shield)
rNeg     . . .     Faith    .   r - +0 leather armour
rPois    .         Spirit   .   (helmet restricted)
rElec    .         Reflect  .   (no cloak)
rCorr    .         Harm     .   (no gloves)
MR       .....                  (boots unavailable)
Stlth    ++........             (no amulet)
Regen    0.2/turn               (no ring)
MPRegen  0.2/turn               (no ring)

@: icy armour, very slightly contaminated, slow
A: beak, talons 3, able to fly 1
a: Fly


You were on level 6 of the Dungeon.
You were not hungry.

You visited 1 branch of the dungeon, and saw 6 of its levels.

You collected 177 gold pieces.

Inventory:

Hand Weapons
 f - a +0 short sword
 m - a +0 mace
 o - a +0 glaive
 q - a +0 long sword (weapon)
 u - a cursed -3 trident
Missiles
 e - 8 tomahawks (quivered)
Armour
 r - a +0 leather armour (worn)
 s - a +0 large shield
Jewellery
 v - an uncursed ring of wizardry {unknown}
Wands
 p - a wand of flame (23/48)
 B - a wand of lightning (9/15)
Scrolls
 d - a scroll of immolation {unknown}
 h - 3 scrolls of remove curse
 i - a scroll of magic mapping {unknown}
 j - 3 scrolls of teleportation {unknown}
 k - 4 scrolls of identify {unknown}
 n - a scroll of noise {unknown}
 y - a scroll of blinking {unknown}
 H - a scroll of enchant weapon {unknown}
Potions
 a - a potion of haste {unknown}
 l - a potion of ambrosia {unknown}
 t - a potion of brilliance {unknown}
 w - a potion of magic {unknown}
 x - a potion of agility {unknown}
 z - 4 potions of heal wounds {unknown}
 A - 2 potions of curing
 C - 2 potions of mutation {unknown}
 D - a potion of lignification {unknown}
Books
 b - a book of Frost

   Spells                             Type                      Level
   a - Freeze                         Ice                          1
   b - Throw Frost                    Conjuration/Ice              2
   c - Ozocubu's Armour               Charms/Ice                   3
   d - Throw Icicle                   Conjuration/Ice              4
   e - Summon Ice Beast               Ice/Summoning                4
 G - a book of Flames

   Spells                             Type                      Level
   a - Flame Tongue                   Conjuration/Fire             1
   b - Throw Flame                    Conjuration/Fire             2
   c - Conjure Flame                  Conjuration/Fire             3
   d - Inner Flame                    Hexes/Fire                   3
   e - Sticky Flame                   Conjuration/Fire             4
   f - Fireball                       Conjuration/Fire             5
Comestibles
 c - 3 bread rations
 g - 4 meat rations


   Skills:
 + Level 3.1 Fighting
 + Level 3.0 Dodging
 - Level 2.0 Stealth
 + Level 4.0 Spellcasting
 + Level 5.4 Conjurations
 + Level 2.4 Charms
 + Level 5.0 Ice Magic


You had 5 spell levels left.
You knew the following spells:

 Your Spells              Type           Power        Failure   Level  Hunger
a - Freeze                Ice            ###.         2%          1    None
b - Throw Frost           Conj/Ice       ###...       3%          2    ##.....
c - Ozocubu's Armour      Chrm/Ice       ###.....     13%         3    ###....
d - Throw Icicle          Conj/Ice       ###.....     24%         4    ####...


Dungeon Overview and Level Annotations

Branches:
Dungeon (6/15)
 Temple: D:4-7

Altars:

Annotations:
D:4 Ice Beast


Innate Abilities, Weirdness & Mutations

You have a beak for a mouth.
You have claws for feet.
You can fly.


Message History

The black bear claws you.
* * * LOW HITPOINT WARNING * * *
You closely miss the black bear. Your kick misses the black bear.
The black bear is almost dead.
The black bear bites you.
* * * LOW HITPOINT WARNING * * *
The black bear misses you. The black bear closely misses you.
The black bear bites you!
* * * LOW HITPOINT WARNING * * *
The black bear claws you but does no damage.
The black bear misses you.
Casting: Freeze
Confirm with . or Enter, or press ? or * to list all spells.
Aiming: Freeze
Press: ? - help, Shift-Dir - straight line, f/p - black bear
Aim: a black bear (almost dead, berserk, fast, unusually strong)
You freeze the black bear.
The black bear is almost dead.
The black bear bites you!
You die...

################# ####
#...............#######
...########.#############........
........................#########
.#.######.#############.# ...####
#......h@.<# #.#
#.....###..#######)# #.#
...........# #.# #.# ..........##
#.# #.# .########.# #.# #.# . #.#
#.# #.# . ##.## ##)####.# .
##...## #.......### # #.....#
#.........#


You could see a black bear (berserk).

Vanquished Creatures
  A sky beast (D:5)
  2 ogres
  A scorpion (D:5)
  A jelly (D:6)
  A quasit (D:3)
  A hound (D:4)
  A centaur skeleton (D:5)
  4 orc priests
  2 iguanas (D:5)
  An orc wizard (D:5)
  3 worker ants (D:5)
  7 adders
  2 shadow imps
  4 oozes
  An adder zombie (D:6)
  2 worms
  2 dart slugs (D:2)
  A leopard gecko (D:2)
  20 orcs
  6 giant cockroaches
  7 goblins
  5 hobgoblins
  11 jackals
  9 kobolds
  2 quokkas
  A ball python (D:5)
  8 bats
  3 frilled lizards
  10 rats
119 creatures vanquished.

Notes
Turn   | Place    | Note
-------+----------+-------------------------------------------
     0 | D:1      | Haldmier the Tengu Ice Elementalist began the quest for the Orb.
     0 | D:1      | Reached XP level 1. HP: 10/10 MP: 4/4
   371 | D:1      | Reached XP level 2. HP: 15/15 MP: 4/6
   375 | D:1      | Learned a level 2 spell: Throw Frost
  1178 | D:1      | Reached XP level 3. HP: 12/19 MP: 1/7
  1445 | D:1      | Learned a level 3 spell: Ozocubu's Armour
  1961 | D:2      | Reached XP level 4. HP: 17/24 MP: 3/8
  2626 | D:2      | Reached skill level 1 in Fighting
  3623 | D:3      | HP: 1/25 [quasit (3)]
  3628 | D:3      | Gained mutation: You can fly. [Tengu growth]
  3628 | D:3      | Reached XP level 5. HP: 1/29 MP: 3/9
  4504 | D:3      | Reached skill level 1 in Charms
  5602 | D:3      | Reached XP level 6. HP: 10/34 MP: 5/11
  5818 | D:3      | Learned a level 4 spell: Throw Icicle
  7192 | D:5      | Entered Level 5 of the Dungeon
  7220 | D:5      | Reached XP level 7. HP: 40/40 MP: 4/12
  8174 | D:5      | Reached skill level 5 in Conjurations
  8957 | D:5      | Reached XP level 8. HP: 40/46 MP: 7/14
  9127 | D:5      | Reached skill level 5 in Ice Magic
  9720 | D:6      | Slain by a black bear

Skill      XL: |  1  2  3  4  5  6  7  8 |
---------------+-------------------------+-----
Ice Magic      | 3 4 5 |  5.0
Conjurations   | 2 3 4 5 |  5.4
Fighting       | 1 2 3 |  3.1
Charms         | 1 2 |  2.4
Spellcasting   | 3 4 |  4.0
Dodging        | 3 |  3.0
Stealth        | |  2.0

Action                   |  1- 3 |  4- 6 |  7- 9 || total
-------------------------+-------+-------+-------++-------
Melee: Short sword       |    16 |    13 |       ||    29
       Peck              |     2 |     7 |    12 ||    21
       Kick              |     1 |    19 |    12 ||    32
       Long sword        |       |    52 |    32 ||    84
Throw: Tomahawk          |    10 |     2 |     1 ||    13
 Cast: Freeze            |    55 |    97 |    42 ||   194
       Throw Frost       |       |    20 |    10 ||    30
       Ozocubu's Armour  |       |       |     4 ||     4
 Abil: Fly               |       |     2 |       ||     2
  Use: Scroll            |       |     1 |       ||     1
       Potion            |       |     1 |       ||     1
 Stab: Sleeping          |     3 |     4 |     1 ||     8
  Eat: Chunk             |     4 |    13 |     4 ||    21
       Royal jelly       |       |     1 |     1 ||     2
       Bread ration      |       |     1 |     1 ||     2
Armor: Robe              |    12 |     7 |       ||    19
       Leather armour    |       |    55 |    26 ||    81
Dodge: Dodged            |    29 |   137 |    33 ||   199
       Rpst.: Long sword |       |    20 |     9 ||    29
